[Event "Najdorf Memorial-A 2022"]
[Site "Warsaw"]
[Date "2022.07.14"]
[Round "6.12"]
[White "Ratajczak, Hubert"]
[Black "Golecki, Jan"]
[Result "1-0"]
[ECO "B42"]
[WhiteElo "1943"]
[BlackElo "2219"]
[Annotator "ChessBase"]
[PlyCount "86"]
[EventDate "2022.07.09"]
[EventType "swiss"]
[EventCountry "POL"]
[SourceTitle "playchess.com"]
[Source "ChessBase"]
[SourceQuality "1"]
[TimeControl "40/5400+30:1800+30"]

1. e4 c5 2. Nf3 e6 3. d4 cxd4 4. Nxd4 a6 5. Bd3 Bc5 6. Nb3 Ba7 7. Qe2 Nc6 8. Be3 Nf6 9. Nc3 Qc7 10. O-O b5 11. a4 b4 12. Nd1 d6 13. Bxa7 Rxa7 14. Ne3 e5 15. Rad1 Be6 16. Nd5 Nxd5 17. exd5 Bxd5 18. Bxa6 Be6 19. Bb5 O-O 20. Qe3 Ne7 21. Qe4 d5 22. Qxb4 Qxc2 23. Nc5 Qg6 24. Nxe6 fxe6 25. Qd6 e4 26. Bd7 Kf7 27. Bb5 Nf5 28. Qe5 Kg8 29. Rc1 Nh4 30. Qg3 Qf6 31. Rc6 Nf5 32. Qf4 Qxb2 33. Rxe6 Nd4 34. Qe5 h6 35. Re8 Rxe8 36. Qxe8+ Kh7 37. Bd7 Ne2+ 38. Kh1 Qf6 39. Be6 Re7 40. Bg8+ Kh8 41. Qc8 Rc7 42. Qxc7 Kxg8 43. Qc5 d4 1-0

[Event "Najdorf Memorial-A 2022"]
[Site "Warsaw"]
[Date "2022.07.14"]
[Round "6.13"]
[White "Dalkowski, Rafal"]
[Black "Kutowski, Marcel"]
[Result "0-1"]
[ECO "D40"]
[WhiteElo "2120"]
[BlackElo "1961"]
[Annotator "ChessBase"]
[PlyCount "74"]
[EventDate "2022.07.09"]
[EventType "swiss"]
[EventCountry "POL"]
[SourceTitle "playchess.com"]
[Source "ChessBase"]
[SourceQuality "1"]
[TimeControl "40/5400+30:1800+30"]

1. d4 Nf6 2. c4 e6 3. Nf3 d5 4. Nc3 c5 5. e3 Nc6 6. a3 dxc4 7. Bxc4 a6 8. O-O b5 9. Bd3 cxd4 10. exd4 Bb7 11. Bc2 Be7 12. Bg5 O-O 13. Qd3 g6 14. Rfe1 Re8 15. Rad1 Rc8 16. h4 Na5 17. Ne5 Nc4 18. Nxc4 Rxc4 19. Bb3 Rc8 20. Qe2 Nd5 21. Ne4 Bxg5 22. Nxg5 h6 23. Nf3 Nf4 24. Qe3 Qf6 25. Rd2 Red8 26. Bd1 Rc1 27. g3 Nd5 28. Qe2 Nb6 29. Qe5 Qxe5 30. dxe5 Rxd2 31. Nxd2 Na4 32. Rf1 Nxb2 33. Bb3 Rc3 34. Rb1 Nd3 35. f4 Nc5 36. Kf2 Ne4+ 37. Ke1 Re3+ 0-1

[Event "Najdorf Memorial-A 2022"]
[Site "Warsaw"]
[Date "2022.07.14"]
[Round "6.13"]
[White "Rejniak, Zuzanna"]
[Black "Siekanska, Maria"]
[Result "0-1"]
[ECO "B52"]
[WhiteElo "1813"]
[BlackElo "1964"]
[Annotator "ChessBase"]
[PlyCount "112"]
[EventDate "2022.07.09"]
[EventType "swiss"]
[EventCountry "POL"]
[SourceTitle "playchess.com"]
[Source "ChessBase"]
[SourceQuality "1"]
[TimeControl "40/5400+30:1800+30"]

1. e4 c5 2. Nf3 d6 3. Bb5+ Bd7 4. a4 Nf6 5. Nc3 e6 6. O-O Be7 7. Bxd7+ Qxd7 8. d4 cxd4 9. Nxd4 O-O 10. Qe2 Nc6 11. Nxc6 Qxc6 12. Bf4 Nd7 13. Nd5 Bd8 14. Nb4 Qc7 15. Ra3 Bf6 16. Rh3 g6 17. c3 Rfd8 18. Qd2 Nc5 19. Re1 Nxa4 20. Rd3 Be7 21. Rh3 Nc5 22. Bg5 Bxg5 23. Qxg5 Nd7 24. Nc2 Rdc8 25. Qh6 Nf8 26. Ne3 Qd8 27. Ng4 Rc5 28. Rd1 Qg5 29. Qxg5 Rxg5 30. Ne3 Rd8 31. Nc4 d5 32. Ne3 d4 33. cxd4 Rb5 34. d5 exd5 35. Nxd5 Rxb2 36. f4 Kg7 37. f5 f6 38. e5 fxe5 39. f6+ Kf7 40. Re3 Rb5 41. Rxe5 Ne6 42. Rxe6 Rdxd5 43. Rde1 Rd7 44. h4 h5 45. Kh2 a5 46. Kh3 a4 47. R1e3 Ra5 48. Re7+ Rxe7 49. Rxe7+ Kxf6 50. Rxb7 a3 51. Rb1 a2 52. Ra1 Ke5 53. Kg3 Kd4 54. Kf3 Kc3 55. g4 hxg4+ 56. Kxg4 Kb2 0-1

[Event "Najdorf Memorial-A 2022"]
[Site "Warsaw"]
[Date "2022.07.14"]
[Round "6.14"]
[White "Szewczyk, Mariusz"]
[Black "Owoc, Jakub"]
[Result "1-0"]
[ECO "B12"]
[WhiteElo "2103"]
[BlackElo "1756"]
[Annotator "ChessBase"]
[PlyCount "73"]
[EventDate "2022.07.09"]
[EventType "swiss"]
[EventCountry "POL"]
[SourceTitle "playchess.com"]
[Source "ChessBase"]
[SourceQuality "1"]
[TimeControl "40/5400+30:1800+30"]

1. e4 c6 2. d4 d5 3. e5 c5 4. dxc5 Nc6 5. Nf3 Bg4 6. Bb5 e6 7. b4 Qc7 8. Bb2 Nge7 9. O-O a6 10. Ba4 Ng6 11. Nbd2 Be7 12. h3 Bf5 13. Nd4 Ngxe5 14. Nxf5 exf5 15. Bxe5 Qxe5 16. Nf3 Qf6 17. Qxd5 O-O 18. Bxc6 bxc6 19. Qe5 a5 20. a3 Rfe8 21. Rae1 axb4 22. axb4 Rad8 23. Re2 Kf8 24. Rfe1 g5 25. Nxg5 Qxg5 26. Qh8+ Qg8 27. Qxg8+ Kxg8 28. Rxe7 Rxe7 29. Rxe7 Rd1+ 30. Kh2 Rd2 31. Rc7 Rxf2 32. Rxc6 Rxc2 33. b5 f4 34. Kg1 Kg7 35. b6 f6 36. b7 Rb2 37. Rb6 1-0

[Event "Najdorf Memorial-A 2022"]
[Site "Warsaw"]
[Date "2022.07.14"]
[Round "6.14"]
[White "Basiaga, Sebastian"]
[Black "Vanduyfhuys, Igor"]
[Result "0-1"]
[ECO "B20"]
[WhiteElo "1770"]
[BlackElo "1959"]
[Annotator "ChessBase"]
[PlyCount "116"]
[EventDate "2022.07.09"]
[EventType "swiss"]
[EventCountry "POL"]
[SourceTitle "playchess.com"]
[Source "ChessBase"]
[SourceQuality "1"]
[TimeControl "40/5400+30:1800+30"]

1. e4 c5 2. b3 Nc6 3. Bb2 d6 4. Bb5 Nf6 5. Bxc6+ bxc6 6. d3 Rb8 7. Nd2 e5 8. Ne2 g6 9. O-O Bg7 10. h3 O-O 11. f4 Qe7 12. fxe5 dxe5 13. Ng3 Ba6 14. Qe2 Ne8 15. Ba3 Nc7 16. Qe3 Ne6 17. Nf3 Rb5 18. Bb2 Nd4 19. Nxd4 cxd4 20. Qe2 Bh6 21. a4 Rb6 22. Ba3 c5 23. Rf3 Bc8 24. Bc1 Bxc1 25. Rxc1 Rf6 26. Rcf1 Rxf3 27. Qxf3 Qg5 28. Kh2 f6 29. Rf2 Kg7 30. Nf1 Be6 31. g4 Kf7 32. Ng3 Ke7 33. Qe2 Qh4 34. Qf3 h5 35. gxh5 Bxh3 36. Kg1 gxh5 37. Nf5+ Bxf5 38. Qxf5 Qg5+ 39. Rg2 Qxf5 40. exf5 Kf7 41. Kh2 Rg8 42. Rf2 Rg4 43. a5 a6 44. Rf1 Kg7 45. b4 cxb4 46. Rb1 Rf4 47. Kg2 Rxf5 48. Rxb4 Rg5+ 49. Kh2 f5 50. Rb7+ Kh6 51. Re7 f4 52. Re6+ Kg7 53. Rxa6 f3 54. Rb6 Rg2+ 55. Kh3 Rg1 56. Rb7+ Kg6 57. Rb6+ Kg5 58. Rb8 f2 0-1

[Event "Najdorf Memorial-A 2022"]
[Site "Warsaw"]
[Date "2022.07.14"]
[Round "6.15"]
[White "Shilov, Sergej"]
[Black "Polak, Michal"]
[Result "1/2-1/2"]
[ECO "E15"]
[WhiteElo "2048"]
[BlackElo "1944"]
[Annotator "ChessBase"]
[PlyCount "69"]
[EventDate "2022.07.09"]
[EventType "swiss"]
[EventCountry "POL"]
[SourceTitle "playchess.com"]
[Source "ChessBase"]
[SourceQuality "1"]
[TimeControl "40/5400+30:1800+30"]

1. d4 Nf6 2. Nf3 e6 3. c4 b6 4. g3 Ba6 5. Qa4 Bb7 6. Bg2 c5 7. O-O cxd4 8. Nxd4 Bxg2 9. Kxg2 Be7 10. Nc3 Qc8 11. Rd1 a6 12. e4 Qb7 13. f3 O-O 14. Be3 Nc6 15. Nxc6 dxc6 16. Qb3 Nd7 17. Na4 Rab8 18. Bf4 e5 19. Be3 b5 20. cxb5 axb5 21. Nc3 Nc5 22. Qc2 Ne6 23. a4 bxa4 24. Nxa4 Qb3 25. Qc3 Qb5 26. Qd3 h6 27. h4 Rb7 28. Qxb5 Rxb5 29. Rd7 Bc5 30. Nxc5 Nxc5 31. Bxc5 Rxc5 32. Rad1 Rc2+ 33. R1d2 Rxd2+ 34. Rxd2 Rb8 35. Rc2 1/2-1/2

[Event "Najdorf Memorial-A 2022"]
[Site "Warsaw"]
[Date "2022.07.14"]
[Round "6.15"]
[White "Stachecki, Mikolaj"]
[Black "Kotowicz, Kamil"]
[Result "1/2-1/2"]
[ECO "B13"]
[WhiteElo "1918"]
[BlackElo "1770"]
[Annotator "ChessBase"]
[PlyCount "81"]
[EventDate "2022.07.09"]
[EventType "swiss"]
[EventCountry "POL"]
[SourceTitle "playchess.com"]
[Source "ChessBase"]
[SourceQuality "1"]
[TimeControl "40/5400+30:1800+30"]

1. e4 c6 2. d4 d5 3. exd5 cxd5 4. Bd3 Nc6 5. c3 Nf6 6. h3 e5 7. dxe5 Nxe5 8. Nf3 Nxd3+ 9. Qxd3 Be7 10. O-O O-O 11. Be3 a6 12. Nbd2 Be6 13. Rfe1 Re8 14. Rad1 Qc7 15. Nd4 Bd6 16. Re2 Nh5 17. Rde1 Qd7 18. N2f3 Nf4 19. Bxf4 Bxf4 20. g3 Bh6 21. Nf5 f6 22. Nxh6+ gxh6 23. Kh2 Bf7 24. Qd4 Kg7 25. c4 Rxe2 26. Rxe2 Rd8 27. Rd2 Qf5 28. Nh4 Qe5 29. Qg4+ Qg5 30. Qd4 Qe5 31. Ng2 b5 32. c5 a5 33. a3 Qxd4 34. Rxd4 a4 35. Nf4 Rc8 36. Nxd5 Rxc5 37. Nc3 Rc4 38. Rd7 b4 39. axb4 Rxb4 40. Rd2 h5 41. h4 1/2-1/2

[Event "Najdorf Memorial-A 2022"]
[Site "Warsaw"]
[Date "2022.07.14"]
[Round "6.16"]
[White "Zalega, Maciej"]
[Black "Podgorski, Maciej"]
[Result "1/2-1/2"]
[ECO "C58"]
[WhiteElo "1912"]
[BlackElo "1967"]
[Annotator "ChessBase"]
[PlyCount "99"]
[EventDate "2022.07.09"]
[EventType "swiss"]
[EventCountry "POL"]
[SourceTitle "playchess.com"]
[Source "ChessBase"]
[SourceQuality "1"]
[TimeControl "40/5400+30:1800+30"]

1. e4 e5 2. Nf3 Nc6 3. Bc4 Nf6 4. Ng5 d5 5. exd5 Na5 6. Bb5+ c6 7. dxc6 bxc6 8. Bd3 Nd5 9. Nf3 Bd6 10. O-O O-O 11. Re1 f5 12. Nxe5 Qf6 13. Nf3 g5 14. g3 f4 15. Nc3 fxg3 16. hxg3 Qxf3 17. Qxf3 Rxf3 18. Be4 Rf5 19. g4 Rf7 20. Nxd5 cxd5 21. Bxd5 Bb7 22. Bxf7+ Kxf7 23. d4 h5 24. Bxg5 hxg4 25. d5 Rh8 26. Rad1 Rh5 27. Re6 Bc5 28. Bf4 Bxd5 29. Rh6 Rxh6 30. Bxh6 Bf3 31. Rd3 Be4 32. Rc3 Bb6 33. Be3 Bxe3 34. Rxe3 Bf3 35. Ra3 Nc6 36. Ra6 Ke7 37. c3 Kd7 38. b4 Be2 39. Ra3 Bc4 40. Kg2 a6 41. Kg3 Ne5 42. Ra5 Nc6 43. Rc5 Bxa2 44. Kxg4 Kd6 45. Rh5 Bc4 46. Kf4 Na7 47. Ke3 Nb5 48. Rc5 Bf1 49. c4 Nc7 50. Rxc7 1/2-1/2

[Event "Najdorf Memorial-A 2022"]
[Site "Warsaw"]
[Date "2022.07.14"]
[Round "6.16"]
[White "Niezhentsev, Kyrylo"]
[Black "Lewandrowski, Tomasz"]
[Result "1-0"]
[ECO "A30"]
[WhiteElo "1721"]
[BlackElo "1902"]
[Annotator "ChessBase"]
[PlyCount "47"]
[EventDate "2022.07.09"]
[EventType "swiss"]
[EventCountry "POL"]
[SourceTitle "playchess.com"]
[Source "ChessBase"]
[SourceQuality "1"]
[TimeControl "40/5400+30:1800+30"]

1. c4 c5 2. g3 Nc6 3. Bg2 Nf6 4. Nf3 g6 5. O-O Bg7 6. d4 cxd4 7. Nxd4 O-O 8. Nc3 a6 9. e3 Rb8 10. a4 Qc7 11. b3 d6 12. Ba3 Ne5 13. Qd2 Ned7 14. Rac1 Re8 15. Nd5 Nxd5 16. cxd5 Qb6 17. a5 Qd8 18. Nc6 bxc6 19. dxc6 Nc5 20. Bxc5 Rxb3 21. Bb6 Rxb6 22. c7 Qd7 23. axb6 d5 24. Qxd5 1-0

[Event "Najdorf Memorial-A 2022"]
[Site "Warsaw"]
[Date "2022.07.14"]
[Round "6.17"]
[White "Starosciak, Szymon"]
[Black "Mazur, Maciej"]
[Result "1-0"]
[ECO "B01"]
[WhiteElo "1901"]
[BlackElo "1757"]
[Annotator "ChessBase"]
[PlyCount "123"]
[EventDate "2022.07.09"]
[EventType "swiss"]
[EventCountry "POL"]
[SourceTitle "playchess.com"]
[Source "ChessBase"]
[SourceQuality "1"]
[TimeControl "40/5400+30:1800+30"]

1. e4 d5 2. exd5 Qxd5 3. Nc3 Qa5 4. d4 Nf6 5. Nf3 c6 6. Bc4 Bf5 7. O-O Nbd7 8. Bd2 Qc7 9. Re1 e6 10. h3 Bd6 11. Bb3 O-O 12. Nh4 Bg6 13. Nxg6 hxg6 14. Ne4 Bf4 15. Bb4 Rfd8 16. Be7 Re8 17. Bxf6 Nxf6 18. Nxf6+ gxf6 19. c3 Kg7 20. Qf3 Rad8 21. Rad1 a6 22. g3 Bd6 23. h4 Rh8 24. Kg2 Rh5 25. Bc2 f5 26. b4 a5 27. a3 Rdh8 28. Rh1 axb4 29. axb4 b6 30. Ba4 Rc8 31. Rd2 Be7 32. Qe3 f4 33. Qf3 fxg3 34. fxg3 Rf5 35. Qg4 c5 36. dxc5 bxc5 37. Rd7 Qb8 38. Bc2 Rd5 39. Rxd5 exd5 40. h5 Rc6 41. hxg6 fxg6 42. Qh3 Qg8 43. Qh6+ Kf7 44. bxc5 Ke8 45. Ba4 Qe6 46. Bxc6+ Qxc6 47. Qh8+ Kd7 48. Qd4 Bxc5 49. Rh7+ Ke6 50. Qg4+ Ke5 51. Qf4+ Ke6 52. Kh2 Qb5 53. Qg4+ Kf6 54. Qf3+ Ke5 55. Rf7 d4 56. Rb7 Qa5 57. Qe2+ Kf6 58. Qf2+ Ke5 59. cxd4+ Bxd4 60. Qf4+ Ke6 61. Qxd4 Qh5+ 62. Kg1 1-0

[Event "Najdorf Memorial-A 2022"]
[Site "Warsaw"]
[Date "2022.07.14"]
[Round "6.17"]
[White "Siekanska, Zuzanna"]
[Black "Kazmierowski, Tymon"]
[Result "0-1"]
[ECO "E71"]
[WhiteElo "1712"]
[BlackElo "1961"]
[Annotator "ChessBase"]
[PlyCount "68"]
[EventDate "2022.07.09"]
[EventType "swiss"]
[EventCountry "POL"]
[SourceTitle "playchess.com"]
[Source "ChessBase"]
[SourceQuality "1"]
[TimeControl "40/5400+30:1800+30"]

1. d4 Nf6 2. c4 g6 3. Nc3 Bg7 4. e4 d6 5. h3 O-O 6. Be3 Nc6 7. Qd2 e5 8. d5 Nd4 9. Bd3 Qe7 10. O-O-O c6 11. Kb1 cxd5 12. cxd5 Bd7 13. Nge2 Ne8 14. h4 b5 15. Ng3 h5 16. Nce2 Nxe2 17. Bxe2 a5 18. Rc1 Nf6 19. Rc7 Rfb8 20. Ba7 Rc8 21. Qxa5 Nxd5 22. Rxc8+ Bxc8 23. exd5 Rxa7 24. Qb6 Rb7 25. Qa5 Bd7 26. Ne4 Bf5 27. Qa8+ Kh7 28. Bd3 Bxe4 29. Bxe4 f5 30. Bc2 e4 31. Ka1 Qe5 32. Rb1 Rc7 33. Bb3 Qxb2+ 34. Rxb2 Rc1# 0-1

[Event "Najdorf Memorial-A 2022"]
[Site "Warsaw"]
[Date "2022.07.14"]
[Round "6.18"]
[White "Hemmerling, Jaroslaw"]
[Black "Pancewicz, Szymon"]
[Result "0-1"]
[ECO "D02"]
[WhiteElo "1854"]
[BlackElo "1756"]
[Annotator "NA"]
[PlyCount "68"]
[EventDate "2022.07.09"]
[EventType "swiss"]
[EventCountry "POL"]
[SourceTitle "playchess.com"]
[Source "ChessBase"]
[SourceQuality "1"]
[TimeControl "40/5400+30:1800+30"]

1. d4 d5 2. Nf3 Nf6 3. g3 e6 4. Bg2 Be7 5. O-O O-O 6. c4 dxc4 7. Qc2 b5 8. a4 b4 9. Nfd2 Nd5 10. Nxc4 c5 11. dxc5 Bxc5 12. e4 Nb6 13. Ncd2 N8d7 14. a5 Ba6 15. axb6 Bxf1 16. b7 Rb8 17. Nxf1 Rxb7 18. Be3 Rc7 19. Qe2 Qe7 20. Nbd2 Nb6 21. Bxc5 Qxc5 22. Ne3 Rd8 23. Nb3 Qd6 24. Rd1 Qe7 25. Rxd8+ Qxd8 26. Qd2 Qxd2 27. Nxd2 a5 28. Bf1 a4 29. Ndc4 Nxc4 30. Bxc4 b3 31. Kf1 a3 32. bxa3 b2 33. Ba2 Rc1+ 34. Ke2 Ra1 0-1

[Event "Najdorf Memorial-A 2022"]
[Site "Warsaw"]
[Date "2022.07.14"]
[Round "6.19"]
[White "Pires, Emanuel Joao Robarts"]
[Black "Kowalczyk, Adam"]
[Result "1-0"]
[ECO "B21"]
[WhiteElo "2062"]
[BlackElo "1944"]
[Annotator "ChessBase"]
[PlyCount "83"]
[EventDate "2022.07.09"]
[EventType "swiss"]
[EventCountry "POL"]
[SourceTitle "playchess.com"]
[Source "ChessBase"]
[SourceQuality "1"]
[TimeControl "40/5400+30:1800+30"]

1. e4 c5 2. d4 cxd4 3. c3 d5 4. exd5 Qxd5 5. cxd4 Nf6 6. Nc3 Qd8 7. Nf3 e6 8. Bd3 Nc6 9. O-O Be7 10. a3 O-O 11. Bf4 Nd5 12. Bd2 Bf6 13. Qe2 g6 14. Bh6 Bg7 15. Bxg7 Kxg7 16. Rfd1 Nf4 17. Qe3 Nxd3 18. Rxd3 Ne7 19. Rc1 b6 20. Ne5 Ba6 21. Rd2 Bb7 22. Ng4 Nf5 23. Qe5+ f6 24. Qxe6 Re8 25. Qc4 h5 26. Ne3 Nxe3 27. fxe3 Rxe3 28. d5 Re7 29. d6 Rd7 30. Qd4 Rc8 31. Rf1 Rc5 32. Re1 Rg5 33. Re6 Rf5 34. Rde2 Rf7 35. Re7 Ba6 36. g4 Rg5 37. R2e4 Bb7 38. Qc4 Rxe7 39. Rxe7+ Kh6 40. Qf4 h4 41. Rxb7 Qc8 42. Qd4 1-0

[Event "Najdorf Memorial-A 2022"]
[Site "Warsaw"]
[Date "2022.07.15"]
[Round "7.1"]
[White "Sarkar, Justin"]
[Black "Romanishin, Oleg M"]
[Result "1/2-1/2"]
[ECO "C55"]
[WhiteElo "2346"]
[BlackElo "2404"]
[Annotator "ChessBase"]
[PlyCount "46"]
[EventDate "2022.07.09"]
[EventType "swiss"]
[EventCountry "POL"]
[SourceTitle "playchess.com"]
[Source "ChessBase"]
[SourceQuality "1"]
[TimeControl "40/5400+30:1800+30"]

1. e4 e5 2. Nf3 Nc6 3. Bc4 Nf6 4. d3 Be7 5. O-O O-O 6. Re1 d6 7. a4 a5 8. c3 Kh8 9. Qb3 Qe8 10. h3 Nd7 11. Be3 Nc5 12. Bxc5 dxc5 13. Nbd2 Bd6 14. Nf1 Nd8 15. Ne3 c6 16. Qb6 Ne6 17. g3 Bc7 18. Qb3 Rb8 19. Qc2 f6 20. Kg2 Qg6 21. Kh2 Qh5 22. Ng1 Qe8 23. Kg2 Ng5 1/2-1/2

[Event "Najdorf Memorial-A 2022"]
[Site "Warsaw"]
[Date "2022.07.15"]
[Round "7.2"]
[White "Pacan-Milej, Kosma"]
[Black "Praczukowski, Stanislaw"]
[Result "1-0"]
[ECO "A13"]
[WhiteElo "2412"]
[BlackElo "2055"]
[Annotator "ChessBase"]
[PlyCount "51"]
[EventDate "2022.07.09"]
[EventType "swiss"]
[EventCountry "POL"]
[SourceTitle "playchess.com"]
[Source "ChessBase"]
[SourceQuality "1"]
[TimeControl "40/5400+30:1800+30"]

1. Nf3 d5 2. c4 e6 3. g3 Nf6 4. Bg2 d4 5. O-O c5 6. e3 Nc6 7. exd4 cxd4 8. d3 Bd6 9. Bg5 h6 10. Bxf6 Qxf6 11. Nbd2 Qd8 12. a3 a5 13. Ne4 Be7 14. c5 O-O 15. Nfd2 f5 16. Nd6 Bxd6 17. cxd6 Qxd6 18. Nc4 Qc7 19. Rc1 Ne5 20. Qe2 Nxc4 21. Rxc4 Qd6 22. Re1 Ra6 23. Qe5 Rd8 24. f4 Rb6 25. Qxa5 Rxb2 26. Rec1 1-0

[Event "Najdorf Memorial-A 2022"]
[Site "Warsaw"]
[Date "2022.07.15"]
[Round "7.3"]
[White "Noe, Christopher"]
[Black "Jarmula, Lukasz"]
[Result "1/2-1/2"]
[ECO "B07"]
[WhiteElo "2505"]
[BlackElo "2452"]
[Annotator "ChessBase"]
[PlyCount "42"]
[EventDate "2022.07.09"]
[EventType "swiss"]
[EventCountry "POL"]
[SourceTitle "playchess.com"]
[Source "ChessBase"]
[SourceQuality "1"]
[TimeControl "40/5400+30:1800+30"]

1. d4 d6 2. e4 Nf6 3. Nc3 e5 4. Nge2 exd4 5. Nxd4 Be7 6. g3 Nc6 7. Bg2 Nxd4 8. Qxd4 O-O 9. O-O c6 10. Bf4 Be6 11. Rad1 Ne8 12. Rfe1 Bf6 13. e5 dxe5 14. Qxd8 Rxd8 15. Rxd8 Bxd8 16. Bxe5 Nf6 17. Bd4 Bb6 18. Bxb6 axb6 19. a4 Bf5 20. Re2 Rd8 21. Kf1 Kf8 1/2-1/2

[Event "Najdorf Memorial-A 2022"]
[Site "Warsaw"]
[Date "2022.07.15"]
[Round "7.4"]
[White "Mickiewicz, Piotr"]
[Black "Chomczyk, Marek"]
[Result "0-1"]
[ECO "B38"]
[WhiteElo "2284"]
[BlackElo "2290"]
[Annotator "ChessBase"]
[PlyCount "98"]
[EventDate "2022.07.09"]
[EventType "swiss"]
[EventCountry "POL"]
[SourceTitle "playchess.com"]
[Source "ChessBase"]
[SourceQuality "1"]
[TimeControl "40/5400+30:1800+30"]

1. c4 c5 2. Nf3 Nc6 3. d4 cxd4 4. Nxd4 g6 5. e4 Bg7 6. Be3 Qb6 7. Nb3 Qd8 8. Qd2 Nf6 9. f3 d6 10. Nc3 O-O 11. Be2 a5 12. O-O Be6 13. Na4 Nd7 14. Rfd1 b6 15. Nc3 Nc5 16. Nd4 Nxd4 17. Bxd4 Bxd4+ 18. Qxd4 a4 19. Rab1 Qc7 20. b4 axb3 21. axb3 Rfc8 22. f4 Nd7 23. f5 gxf5 24. exf5 Bxf5 25. Nd5 Qd8 26. Bd3 Bg6 27. Qh4 e6 28. Ne7+ Kf8 29. Nxg6+ hxg6 30. Qh6+ Ke7 31. Bxg6 Qh8 32. Qf4 Ne5 33. Be4 Ra2 34. Rd2 Rxd2 35. Qxd2 Qh4 36. Re1 Rh8 37. h3 Rg8 38. Qe3 f5 39. Bb7 f4 40. Qd2 f3 41. Rxe5 Rxg2+ 42. Qxg2 fxg2 43. Rb5 Qxh3 44. Bxg2 Qe3+ 45. Kh2 e5 46. Rb4 Qf4+ 47. Kh3 Kf6 48. Bd5 Qe3+ 49. Kg4 Qd4+ 0-1

[Event "Najdorf Memorial-A 2022"]
[Site "Warsaw"]
[Date "2022.07.15"]
[Round "7.5"]
[White "Sriram, Jha"]
[Black "Markiewicz, Jerzy"]
[Result "1-0"]
[ECO "D31"]
[WhiteElo "2361"]
[BlackElo "2205"]
[Annotator "ChessBase"]
[PlyCount "131"]
[EventDate "2022.07.09"]
[EventType "swiss"]
[EventCountry "POL"]
[SourceTitle "playchess.com"]
[Source "ChessBase"]
[SourceQuality "1"]
[TimeControl "40/5400+30:1800+30"]

1. d4 d5 2. c4 e6 3. Nc3 a6 4. cxd5 exd5 5. Nf3 c6 6. Bf4 Nf6 7. e3 Bd6 8. Bxd6 Qxd6 9. Qc2 O-O 10. Bd3 c5 11. dxc5 Qxc5 12. Rd1 Qa5 13. O-O Nc6 14. Qb3 Qb4 15. Nxd5 Nxd5 16. Qxd5 Be6 17. Qh5 g6 18. Qh6 Qxb2 19. Rb1 Qg7 20. Qxg7+ Kxg7 21. Rxb7 Bxa2 22. Rb6 Nb8 23. Ra1 Bd5 24. e4 Be6 25. Nd4 Bc8 26. Bc4 Nd7 27. Rd6 Ra7 28. f3 Nb8 29. Rb1 Rd7 30. Rxd7 Nxd7 31. Nc6 Re8 32. Ra1 Bb7 33. Na5 Bc8 34. Nb3 Nb8 35. Rc1 Be6 36. Nc5 Bxc4 37. Rxc4 Rd8 38. Ra4 Rd6 39. Kf2 Rc6 40. Ra5 Rb6 41. Ra2 Rc6 42. Nd3 Rb6 43. Nf4 Rb5 44. Ke3 a5 45. Kd3 Nd7 46. Kc4 Rc5+ 47. Kd4 Rb5 48. Nd5 Nb6 49. Nxb6 Rxb6 50. Rxa5 Rb2 51. Rg5 f6 52. Rg3 g5 53. e5 fxe5+ 54. Kc3 Re2 55. Kd3 Ra2 56. Rxg5+ Kf6 57. Rg8 h5 58. h4 Ra4 59. g3 Ra2 60. Rg5 Rg2 61. Ke3 Ke6 62. f4 exf4+ 63. Kxf4 Rf2+ 64. Ke4 Re2+ 65. Kf3 Re5 66. Kf4 1-0

[Event "Najdorf Memorial-A 2022"]
[Site "Warsaw"]
[Date "2022.07.15"]
[Round "7.6"]
[White "Golubka, Petro"]
[Black "Ratajczak, Hubert"]
[Result "1/2-1/2"]
[ECO "A05"]
[WhiteElo "2378"]
[BlackElo "1943"]
[Annotator "ChessBase"]
[PlyCount "113"]
[EventDate "2022.07.09"]
[EventType "swiss"]
[EventCountry "POL"]
[SourceTitle "playchess.com"]
[Source "ChessBase"]
[SourceQuality "1"]
[TimeControl "40/5400+30:1800+30"]

1. Nf3 Nf6 2. g3 g6 3. Bg2 Bg7 4. O-O O-O 5. d4 d6 6. Nc3 Nbd7 7. e4 e5 8. Re1 c6 9. a4 Qc7 10. a5 Rd8 11. h3 h6 12. Be3 Nf8 13. Qd2 Kh7 14. Red1 Be6 15. Qc1 d5 16. exd5 exd4 17. Nxd4 Bxd5 18. Ndb5 Qe7 19. Nxd5 Nxd5 20. Bd4 Ne6 21. Bxg7 Kxg7 22. a6 bxa6 23. Nd4 Nxd4 24. Rxd4 Nb4 25. Rc4 Rac8 26. Bf1 c5 27. Qf4 Rc6 28. Re4 Re6 29. Rxe6 Qxe6 30. Bc4 Qe7 31. Bb3 Rd6 32. h4 Qf6 33. Qc4 Qf5 34. Qc3+ Rf6 35. f4 Nc6 36. Rxa6 Nd4 37. Rxf6 Kxf6 38. Kf2 Qh3 39. Bd5 Qf5 40. Qxc5 Qxc2+ 41. Qxc2 Nxc2 42. g4 Ke7 43. Be4 Nd4 44. Ke3 Nb5 45. Bd3 Nc7 46. Bc4 f6 47. Ke4 Ne6 48. f5 gxf5+ 49. Kxf5 Nd4+ 50. Kg6 Nf3 51. Kh5 f5 52. gxf5 Kf6 53. Be2 Nxh4 54. Kxh4 Kxf5 55. Kh5 Ke4 56. b3 Kd4 57. Bb5 1/2-1/2

[Event "Najdorf Memorial-A 2022"]
[Site "Warsaw"]
[Date "2022.07.15"]
[Round "7.8"]
[White "Raczek, Krzysztof"]
[Black "Fiszer, Bartosz"]
[Result "0-1"]
[ECO "A05"]
[WhiteElo "2114"]
[BlackElo "2228"]
[Annotator "ChessBase"]
[PlyCount "120"]
[EventDate "2022.07.09"]
[EventType "swiss"]
[EventCountry "POL"]
[SourceTitle "playchess.com"]
[Source "ChessBase"]
[SourceQuality "1"]
[TimeControl "40/5400+30:1800+30"]

1. Nf3 Nf6 2. c4 g6 3. d4 Bg7 4. Nc3 O-O 5. g3 c6 6. Bg2 d5 7. Ne5 Nbd7 8. O-O Nxe5 9. dxe5 Ng4 10. cxd5 Nxe5 11. Bf4 Qb6 12. Qb3 Bf5 13. Rac1 Rfd8 14. Rfd1 Qxb3 15. axb3 cxd5 16. Bxd5 Nc6 17. Be3 Rd7 18. Bxc6 bxc6 19. Rxd7 Bxd7 20. Rd1 Be6 21. b4 a6 22. f3 f5 23. Bd4 Bb3 24. Rd2 Rd8 25. Be3 Rxd2 26. Bxd2 Bd4+ 27. Kf1 Kf7 28. Be1 Be3 29. Nb1 Ba2 30. Bd2 Bb6 31. Nc3 Bc4 32. Be1 Be3 33. Nb1 e5 34. Bd2 Bb6 35. Nc3 Bd4 36. Na4 Bb5 37. Nc3 Ke6 38. b3 g5 39. Nxb5 cxb5 40. e4 g4 41. Kg2 h5 42. h3 Kf6 43. hxg4 hxg4 44. Be1 Kg5 45. Bd2+ Kg6 46. Be1 Kh5 47. exf5 Kg5 48. fxg4 e4 49. Bf2 e3 50. Be1 Kxg4 51. Kh2 Kf3 52. g4 Kxg4 53. Kg2 Be5 54. Kg1 Kf3 55. Bh4 e2 56. Be1 Bg3 57. f6 Bxe1 58. f7 Bxb4 59. Kh2 e1=Q 60. f8=R+ Bxf8 0-1

[Event "Najdorf Memorial-A 2022"]
[Site "Warsaw"]
[Date "2022.07.15"]
[Round "7.9"]
[White "Backiel, Hubert"]
[Black "Padalka, Artem"]
[Result "1-0"]
[ECO "E70"]
[WhiteElo "2045"]
[BlackElo "2204"]
[Annotator "ChessBase"]
[PlyCount "127"]
[EventDate "2022.07.09"]
[EventType "swiss"]
[EventCountry "POL"]
[SourceTitle "playchess.com"]
[Source "ChessBase"]
[SourceQuality "1"]
[TimeControl "40/5400+30:1800+30"]

1. d4 Nf6 2. c4 g6 3. Nc3 Bg7 4. e4 O-O 5. Be3 d6 6. h3 c5 7. Nf3 cxd4 8. Nxd4 Nc6 9. Be2 Bd7 10. O-O Nxd4 11. Bxd4 Bc6 12. Qd3 a5 13. Rad1 Nd7 14. Bxg7 Kxg7 15. Kh1 Qb6 16. Rd2 Ne5 17. Nd5 Bxd5 18. Qxd5 Nc6 19. a3 a4 20. f4 Ra5 21. Qd3 Rc5 22. Rfd1 f6 23. Qc3 Rc8 24. Rd5 Na5 25. e5 Nxc4 26. exf6+ exf6 27. Bxc4 Rxc4 28. Qe1 R8c7 29. Rxd6 Qb5 30. Qe6 Qf5 31. Rd7+ Kh6 32. Qxf5 gxf5 33. Rxc7 Rxc7 34. Rd4 Rc2 35. Rb4 Kg6 36. Kh2 h5 37. Rxb7 Re2 38. Kg3 Re3+ 39. Kf2 Rd3 40. Ke2 Rg3 41. Kf2 h4 42. Rb4 Rd3 43. Ke2 Rg3 44. Kf1 Rd3 45. Rxa4 Rd2 46. Rb4 Kf7 47. a4 Rd1+ 48. Ke2 Rg1 49. Kf2 Ra1 50. b3 Ke6 51. Rb5 Ra2+ 52. Kf3 Rc2 53. a5 Rc3+ 54. Kf2 Rc2+ 55. Kg1 Rc1+ 56. Kh2 Ra1 57. b4 Ra4 58. Rb6+ Kd5 59. a6 Ke4 60. b5 Kxf4 61. Rxf6 Ra5 62. Rf8 Ke5 63. b6 Rxa6 64. b7 1-0